 Dungeon Crawl Stone Soup version 0.30-a0-424-g7412bad402 (webtiles) character file.

Game seed: 12291331282710110258

154389 cforsyth the Warrior (level 17, -5/163 HPs)
             Began as a Minotaur Berserker on Dec 9, 2022.
             Was the Champion of Trog.
             Shot with an arrow by a salamander (7 damage)
             ... on level 3 of the Snake Pit.
             The game lasted 01:13:07 (31050 turns).

cforsyth the Warrior (Minotaur Berserker)          Turns: 31050, Time: 01:13:07

Health: -5/163     AC: 32    Str: 27    XL:     17   Next: 6%
Magic:  16/16      EV: 14    Int:  4    God:    Trog [******]
Gold:   3116       SH:  0    Dex: 13    Spells: 16/16 levels left

rFire   . . .      SeeInvis .    b - +3 executioner's axe (vorpal)
rCold   + + .      Faith    .    (shield currently unavailable)
rNeg    . . .      Spirit   .    G - +3 plate armour {rC+}
rPois   +          Reflect  .    u - +2 hood of the Assassin {Detection Stab+ Stlth++}
rElec   +          Harm     .    d - +2 cloak {Stlth+}
rCorr   .          Rampage  .    D - +2 pair of gloves
Will    +....                    E - +0 pair of boots
Stlth   ..........               P - amulet of Jealousy {RegenMP rElec rC+ Regen+}
HPRegen 1.27/turn                Z - ring of poison resistance
MPRegen 0.55/turn                H - +4 ring of slaying

@: studying Short Blades
A: horns 2, retaliatory headbutt
a: Renounce Religion, Berserk, Trog's Hand, Brothers in Arms


You were on level 3 of the Snake Pit.
You worshipped Trog.
Trog was exalted by your worship.
You visited 4 branches of the dungeon, and saw 25 of its levels.
You also visited: Sewer and Gauntlet.

You collected 3983 gold pieces.
You spent 867 gold pieces at shops.

Inventory:

Hand Weapons
 b - a +3 vorpal executioner's axe (weapon)
 o - a +0 scythe of venom
 F - the +7 war axe of the Hugging Fool {venom, Fly rPois rC+ Str+3}
   (You found it on level 5 of the Dungeon)

   It poisons the flesh of those it strikes.
   Str:       It affects your strength (+3).
   rC:        It protects you from cold.
   rPois:     It protects you from poison.
   Fly:       It grants you flight.
Missiles
 V - 5 silver javelins (quivered)
Armour
 d - a +2 cloak of stealth (worn)
 u - the +2 hood of the Assassin (worn) {Detection Stab+ Stlth++}
   (You found it on level 5 of the Lair of Beasts)

   It allows the wearer to sense nearby creatures.
   It allows the wearer to make particularly effective stabbing attacks against
   helpless or unaware enemies with any weapon.
   Stlth:     It makes you much more stealthy.
 y - a +1 plate armour of positive energy
 A - a +1 hat of willpower
 D - a +2 pair of gloves (worn)
 E - a +0 pair of boots (worn)
 G - a +3 plate armour of cold resistance (worn)
Jewellery
 v - the ring of Qazlal, Stopping {rElec rN+ Int+6 Dex+2}
   (You found it on level 5 of the Lair of Beasts)

   [ring of positive energy]

   Int:       It affects your intelligence (+6).
   Dex:       It affects your dexterity (+2).
   rElec:     It insulates you from electricity.
   rN:        It protects you from negative energy.
 w - an amulet of reflection
 z - a ring of willpower
 H - a +4 ring of slaying (right hand)
 L - a +4 ring of evasion
 P - the amulet of Jealousy (around neck) {RegenMP rElec rC+ Regen+}
   (You bought it in a shop on level 2 of the Snake Pit)

   [amulet of magic regeneration]

   It increases your rate of magic regeneration.
   rC:        It protects you from cold.
   rElec:     It insulates you from electricity.
   Regen:     It increases your rate of health regeneration.
 Q - the ring "Kuh Piwn" {rF- rC+ rN+ Str+2 Dex+4}
   (You found it in a Gauntlet)

   [ring of protection from cold]

   Str:       It affects your strength (+2).
   Dex:       It affects your dexterity (+4).
   rF:        It makes you vulnerable to fire.
   rC:        It protects you from cold.
   rN:        It protects you from negative energy.
 R - the ring of Quoca {Will+ Int+6}
   (You took it off a minotaur in a Gauntlet)

   [ring of intelligence]

   Int:       It affects your intelligence (+6).
   Will:      It increases your willpower.
 Z - a ring of poison resistance (left hand)
Wands
 g - a wand of polymorph (20)
 i - a wand of light (15)
 q - a wand of digging (3)
 s - a wand of iceblast (14)
 x - a wand of charming (3)
 B - a wand of mindburst (18)
 I - a wand of flame (57)
Scrolls
 a - 3 scrolls of blinking
 l - 6 scrolls of enchant armour
 n - 2 scrolls of butterflies
 t - 14 scrolls of teleportation
 M - a scroll of silence
 N - 3 scrolls of identify
 S - a scroll of fear
 W - 2 scrolls of magic mapping
 Y - 3 scrolls of poison
Potions
 c - 4 potions of lignification
 e - 3 potions of resistance
 f - 10 potions of attraction
 h - 12 potions of flight
 j - 12 potions of curing
 k - 3 potions of haste
 m - 6 potions of mutation
 p - 9 potions of heal wounds
 r - 6 potions of might
 C - 2 potions of berserk rage
 J - 2 potions of ambrosia
 K - 2 potions of invisibility
 O - a potion of cancellation
 X - a potion of magic
Miscellaneous
 T - a tin of tremorstones (2/2)
 U - a tin of tremorstones (2/2)


   Skills:
 + Level 17.7 Fighting
 + Level 16.1(16.8) Axes
 - Level 7.5(12.8) Polearms
 + Level 17.5 Armour
 + Level 16.2 Dodging
 + Level 11.2 Evocations


You had 16 spell levels left.
You didn't know any spells.
Your spell library was empty.

Dungeon Overview and Level Annotations

Branches:
Dungeon (15/15) Temple (0/1) D:6 Lair (5/5) D:8 Swamp (0/4) Lair:3 Snake (3/4) Lair:3 Slime (0/5) Lair:5 Orc (2/2) D:12 Elf (0/3) Orc:2 Vaults (0/5) D:12 D:13 Depths (0/4) D:15 Sewer (visited) Gauntlet (visited)

Altars:
Ashenzari
Dithmenos
Elyvilon
Fedhas
Gozag
Kikubaaqudgha
Makhleb
Nemelex Xobeh
Okawaru
Qazlal
Ru
Trog
Yredelemnul
Zin
Lugonu

Shops:
D:9 (   D:12 [   Orc:1 :   Orc:2 =*((   Snake:2 [=:=

Portals:
Abyss: Lair:5
Trove: D:11 (give +2 storm dragon scales)

Annotations:
D:9 3 runed translucent doors, porpoise's ghost, journeyman SpEn


Innate Abilities, Weirdness & Mutations

You have a pair of horns on your head.
You reflexively headbutt those who attack you in melee.


Message History

It stops flaming.
The salamander closely misses you. You furiously retaliate!
You headbutt the salamander!
The salamander mystic hits you but does no damage.
A salamander comes into view.
The salamander hits you but does no damage.
Unknown command.
You slash the salamander! You headbutt the salamander.
The salamander is heavily wounded.
You slice the salamander mystic!! The salamander misses you.
You furiously retaliate!
You headbutt the salamander!
The salamander hits you but does no damage.
A salamander comes into view.
It is wielding a +1 halberd of protection.
The salamander mystic casts a spell at you.
The bolt of magma hits you!!
* * * LOW HITPOINT WARNING * * *
A salamander comes into view. It is wielding a +0 halberd.
The salamander moves out of view.
You cut the salamander mystic into ribbons!!!
You kill the salamander mystic!
Trog accepts your kill.
Trog appreciates your killing of a magic user.
You hear a sizzling splash. x2
You slash the salamander!
You hear an angry hiss.
The salamander hits you from afar with a +0 glaive!
* * * LOW HITPOINT WARNING * * *
You are engulfed in flames!
* * * LOW HITPOINT WARNING * * *
The salamander misses you. You furiously retaliate!
You headbutt the salamander!
You kill the salamander!
Trog accepts your kill.
You hear a sizzling splash.
The lava snake spits lava at you. The glob of lava hits you!!
* * * LOW HITPOINT WARNING * * *
The salamander hits you but does no damage.
The salamander wields a +0 shortbow of flaming.
It bursts into flame!
The salamander shoots an arrow.
The arrow hits you!
You die...

§≈§≈≈§ ≈§≈N≈≈≈
§§§§≈§§§≈≈≈≈≈≈§§≈ ≈≈
≈§≈§§§≈≈N≈S§≈≈§≈≈ §≈
.≈≈≈≈≈§≈§≈≈§§≈§§≈≈§≈≈≈
..≈≈N§≈≈≈≈§§§≈≈§≈≈≈≈≈
≈≈NN§≈≈≈≈≈≈§§≈§§≈≈≈≈
#+# #.≈≈≈≈≈≈≈≈≈≈≈≈≈§§§
#.# #@§≈≈≈≈§≈≈≈≈≈§≈≈≈.
#.# #.........# #...
#.# #.........# #...
.. #.##.###.........#
#..) ...
#.#..............#
#... ....
#.#..#######'#####
#... ..##.#..# #.#
#... ....#..# #.# #.#.
#..#..# #.# ###.


You could see 5 salamanders and a lava snake.

Vanquished Creatures
  Vashnia (Snake:2)
  Gastronok (Lair:1)
  A nagaraja (Snake:2)
  Aizul (Snake:1)
  Louise (Snake:3)
  An orc warlord (Orc:2)
  Nessos (D:14)
  The ghost of Leaxt the Severer, a journeyman MiBe of Trog (Lair:3)
  2 fire dragons (D:15)
  Harold (Orc:1)
  Fannar (Lair:2)
  11 hydras
  14 two-headed ogres
  2 centaur warriors
  2 ogre magi
  Erica (Orc:1)
  8 anacondas
  2 tengu warriors
  5 naga warriors
  2 thrashing horrors (Lair:5)
  5 shock serpents
  14 naga sharpshooters
  5 orc high priests (Orc:2)
  A wretched star (Gauntlet)
  Amaemon (Lair:3)
  7 skeletal warriors
  A salamander mystic (Snake:3)
  A bog body (Lair:3)
  A deep elf archer (D:13)
  4 naga ritualists
  Pikel (D:4)
  5 orc knights
  2 harpies (shapeshifter) (Lair:5)
  5 mana vipers
  26 ugly things
  2 deep elf pyromancers
  6 manticores
  7 salamanders
  7 orc sorcerers
  5 large abominations (Lair:5)
  27 black mambas
  A cyclops (D:13)
  Maurice (Orc:1)
  Joseph (D:10)
  6 elephants (Lair:5)
  6 naga magi
  3 gargoyles
  13 cane toads
  An orange demon (Lair:3)
  4 efreet
  2 unseen horrors (D:10)
  5 rime drakes
  2 kobold demonologists (D:11)
  A yaktaur (shapeshifter) (D:15)
  2 tengu conjurers
  6 komodo dragons
  6 trolls
  An ancient zyme (Lair:5)
  10 hornets
  3 polar bears
  20 blink frogs
  Grinder (D:6)
  2 spectral dream sheep (Lair:3)
  3 slime creatures (D:12)
  A centaur simulacrum (D:15)
  Sigmund (D:2)
  A culicivora (shapeshifter) (D:14)
  2 spriggans (Lair:5)
  9 wyverns
  2 shadows
  15 humans (D:12)
  A spectral komodo dragon (Lair:3)
  A vampire (D:13)
  2 ynoxinuls (Lair:5)
  65 yaks
  4 wraiths
  15 basilisks
  A golden eye (shapeshifter) (Lair:5)
  2 chaos spawn (Lair:5)
  A steam dragon (D:6)
  2 neqoxecs (Gauntlet)
  12 vampire mosquitoes
  9 wargs
  16 nagas
  6 acid dragons
  9 water moccasins
  42 orc warriors
  2 sky beasts (D:7)
  2 ice beasts
  12 ogres
  A black bear (D:6)
  13 wolves
  5 centaurs
  Blork the orc (D:5)
  A lemure (D:4)
  29 kobold brigands
  14 bullfrogs
  A gnoll sergeant (D:10)
  3 scorpions
  A necrophage (D:5)
  7 wights
  A dream sheep simulacrum (Lair:3)
  A killer bee (D:10)
  3 howler monkeys
  An electric eel (Lair:2)
  A lava snake (Snake:3)
  3 jellies (D:6)
  6 hounds
  28 orc priests
  9 small abominations (Lair:5)
  6 iguanas
  Ijyb (D:4)
  16 orc wizards
  Natasha (thrice) (D:2)
  A merfolk siren (Sewer)
  4 hell rats (Lair:3)
  A merfolk avatar (Sewer)
  Robin (D:3)
  9 adders
  2 river rats (Sewer)
  3 shadow imps
  2 white imps
  An ufetubus (D:5)
  4 worms
  4 dart slugs
  107 orcs
  11 endoplasms
  5 giant cockroaches
  10 goblins
  9 hobgoblins
  6 jackals
  2 quokkas (Sewer)
  13 ball pythons
  10 bats
  9 frilled lizards
  37 kobolds
  28 rats
  A fungus (Lair:4)
962 creatures vanquished.

Vanquished Creatures (collateral kills)
  A minotaur (Gauntlet)
  A ghost crab (Gauntlet)
  A steam dragon (D:9)
  3 wights (D:9)
6 creatures vanquished.

Vanquished Creatures (others)
  An ugly thing (D:14)
  A human (D:13)
  22 fungi
  53 plants
77 creatures vanquished.

Grand Total: 1045 creatures vanquished

Notes
Turn   | Place    | Note
-------+----------+-------------------------------------------
     0 | D:1      | cforsyth the Minotaur Berserker began the quest for the
                  | Orb.
     0 | D:1      | Reached XP level 1. HP: 19/19 MP: 0/0
   196 | D:1      | Reached XP level 2. HP: 21/27 MP: 1/1
   675 | D:1      | Reached XP level 3. HP: 33/33 MP: 2/2
  1131 | D:2      | Reached ** piety under Trog
  1132 | D:2      | Noticed Sigmund
  1146 | D:2      | Killed Sigmund
  1147 | D:2      | Reached XP level 4. HP: 10/41 MP: 3/3
  1147 | D:2      | Reached XP level 5. HP: 11/47 MP: 4/4
  1449 | D:2      | Noticed Natasha
  1453 | D:2      | Killed Natasha
  1454 | D:2      | Reached skill level 5 in Fighting
  1454 | D:2      | Reached skill level 5 in Polearms
  1565 | D:2      | Noticed Natasha
  1571 | D:2      | Killed Natasha
  1572 | D:2      | Reached XP level 6. HP: 37/56 MP: 5/5
  1668 | D:2      | Noticed Natasha
  1671 | D:2      | Killed Natasha
  2244 | D:3      | Found an iron altar of Okawaru.
  2322 | D:3      | Noticed Robin
  2337 | D:3      | Killed Robin
  2337 | D:3      | Reached *** piety under Trog
  2483 | D:3      | Found a burning altar of Makhleb.
  2484 | D:3      | Found an opulent altar of Gozag.
  2639 | D:4      | Noticed Pikel
  2644 | D:4      | Killed Pikel
  2645 | D:4      | Reached skill level 5 in Armour
  2645 | D:4      | Reached skill level 5 in Dodging
  2645 | D:4      | Reached XP level 7. HP: 30/64 MP: 6/6
  3142 | D:4      | Reached XP level 8. HP: 71/71 MP: 7/7
  3204 | D:4      | Noticed Ijyb
  3215 | D:4      | Killed Ijyb
  3394 | D:5      | Entered Level 5 of the Dungeon
  3516 | D:5      | Reached **** piety under Trog
  3666 | D:5      | Noticed Blork the orc
  3674 | D:5      | Killed Blork the orc
  3996 | D:5      | Found a glowing drain.
  4006 | Sewer    | Entered a sewer
  4426 | D:5      | Found a stormy altar of Qazlal.
  4428 | D:5      | Identified the +7 war axe of the Hugging Fool {venom, Fly
                  | rPois rC+ Str+3}
  4469 | D:5      | Identified the +1 robe of Negligence {Rampage +Blink Fly
                  | Int-5}
  4885 | D:6      | Found a staircase to the Ecumenical Temple.
  4906 | D:6      | Reached skill level 1 in Axes
  5115 | D:6      | Reached XP level 9. HP: 81/81 MP: 8/8
  5139 | D:6      | Noticed Grinder
  5141 | D:6      | Paralysed by Grinder for 4 turns
  5153 | D:6      | Killed Grinder
  5588 | D:7      | Noticed a gargoyle
  6084 | D:7      | Killed a gargoyle
  6223 | D:7      | Found a sparkling altar of Nemelex Xobeh.
  6345 | D:7      | Reached ***** piety under Trog
  6670 | D:7      | Found a basalt altar of Yredelemnul.
  6817 | D:7      | Found a sacrificial altar of Ru.
  6817 | D:7      | Found a broken altar of Ashenzari.
  6919 | D:8      | Reached skill level 5 in Axes
  7116 | D:8      | Reached XP level 10. HP: 84/91 MP: 9/9
  7680 | D:8      | Found a staircase to the Lair.
  7814 | D:9      | Identified 2 scrolls of acquirement
  7814 | D:9      | Acquired 674 gold pieces
  7816 | D:9      | Acquired a +2 cloak of stealth
  7826 | D:9      | Found a runed translucent gate.
  7826 | D:9      | Found a runed translucent gate.
  7828 | D:9      | Noticed porpoise's ghost (journeyman SpEn)
  7952 | D:9      | Reached skill level 10 in Fighting
  8307 | D:9      | Reached skill level 10 in Armour
  8333 | D:9      | Found Dynteom's Weapon Emporium.
  8608 | D:8      | Received a gift from Trog
  8684 | D:8      | Reached XP level 11. HP: 66/101 MP: 10/10
  8927 | D:9      | Found a runed translucent gate.
  9184 | D:9      | Found a glowing silver altar of Zin.
  9185 | D:9      | Found an ancient bone altar of Kikubaaqudgha.
  9185 | D:9      | Found a blossoming altar of Fedhas.
  9276 | D:10     | Entered Level 10 of the Dungeon
  9487 | D:10     | Noticed Joseph
  9500 | D:10     | Killed Joseph
  9501 | D:10     | Reached skill level 10 in Dodging
  9501 | D:10     | Reached skill level 1 in Evocations
  9643 | D:10     | Found a shadowy altar of Dithmenos.
 10548 | D:11     | Acquired 510 gold pieces
 10588 | D:11     | Noticed a soul eater
 10593 | D:11     | Found a bloodstained altar of Trog.
 11269 | D:11     | Noticed a red ugly thing
 11276 | D:11     | Killed a red ugly thing
 11375 | D:11     | Found a portal to a secret trove of treasure.
 11466 | D:11     | Reached XP level 12. HP: 93/112 MP: 9/11
 11988 | D:12     | Found Fuecha's Armour Emporium.
 12268 | D:12     | Noticed a two-headed ogre
 12273 | D:12     | Killed a two-headed ogre
 12392 | Lair:1   | Entered Level 1 of the Lair of Beasts
 12392 | Lair:1   | Noticed Gastronok
 12409 | Lair:1   | Killed Gastronok
 12410 | Lair:1   | Reached skill level 10 in Axes
 12593 | Lair:1   | Reached ****** piety under Trog
 12605 | Lair:1   | Reached skill level 5 in Evocations
 12737 | Lair:1   | Received a gift from Trog
 13310 | Lair:2   | Noticed Fannar
 13321 | Lair:2   | Killed Fannar
 13347 | Lair:2   | Noticed a six-headed hydra
 13355 | Lair:2   | Killed a seven-headed hydra
 13426 | Lair:2   | Found a gate leading to a gauntlet.
 13435 | Gauntlet | Entered a Gauntlet
 13435 | Gauntlet | Found a transporter.
 13444 | Gauntlet | Found a transporter.
 13461 | Gauntlet | Found a transporter.
 13465 | Gauntlet | Found a transporter.
 13468 | Gauntlet | Noticed a great orb of eyes
 13478 | Gauntlet | Found a transporter.
 13493 | Gauntlet | Noticed a ghost crab
 13495 | Gauntlet | Found a runed translucent gate.
 13496 | Gauntlet | Found a transporter.
 13496 | Gauntlet | Found a runed translucent gate.
 13497 | Gauntlet | Found a runed translucent gate.
 13505 | Gauntlet | Noticed a death scarab
 13510 | Gauntlet | Found a transporter.
 13510 | Gauntlet | Noticed a death scarab
 13514 | Gauntlet | Found a transporter.
 13522 | Gauntlet | Found a transporter.
 13522 | Gauntlet | Found a transporter.
 13526 | Gauntlet | Noticed a catoblepas
 13531 | Gauntlet | Found a transporter.
 13652 | Gauntlet | Found a transporter.
 14440 | Gauntlet | Identified the -1 hat of Shrieking Surprise {Int+2}
 14555 | Gauntlet | Killed a ghost crab
 14556 | Gauntlet | Reached XP level 13. HP: 91/122 MP: 12/12
 14558 | Gauntlet | Identified the ring "Kuh Piwn" {rF- rC+ rN+ Str+2 Dex+4}
 14575 | Gauntlet | Identified the ring of Quoca {Will+ Int+6}
 14575 | Gauntlet | Noticed a minotaur
 14580 | Gauntlet | Killed a minotaur
 15603 | Lair:3   | Received a gift from Trog
 15736 | Lair:3   | Found a staircase to the Snake Pit.
 16089 | Lair:3   | Noticed Amaemon
 16099 | Lair:3   | Killed Amaemon
 16262 | Lair:3   | Found a staircase to the Swamp.
 16284 | Lair:3   | Found a runed translucent gate.
 16284 | Lair:3   | Found a runed translucent gate.
 16284 | Lair:3   | Found a runed translucent gate.
 16727 | Lair:3   | Noticed Leaxt's ghost (journeyman MiBe)
 17933 | Lair:5   | Entered Level 5 of the Lair of Beasts
 17972 | Lair:5   | Found the +2 hood of the Assassin {Detection Stab+ Stlth++}
 18027 | Lair:5   | Reached XP level 14. HP: 80/133 MP: 13/13
 18224 | Lair:5   | Found a staircase to the Slime Pits.
 18741 | Lair:5   | Received a gift from Trog
 18881 | Lair:5   | Identified the +1 leather armour of the Ancient Seers
                  | {Dex+4}
 19127 | Lair:5   | Reached skill level 15 in Fighting
 19220 | Lair:5   | Found a corrupted altar of Lugonu.
 19221 | Lair:5   | Found a one-way gate to the infinite horrors of the Abyss.
 19232 | Lair:5   | Identified the ring of Qazlal, Stopping {rElec rN+ Int+6
                  | Dex+2}
 19680 | Lair:3   | Killed Leaxt's ghost
 20263 | D:12     | Found a staircase to the Orcish Mines.
 20627 | Orc:1    | Entered Level 1 of the Orcish Mines
 20740 | Orc:2    | Entered Level 2 of the Orcish Mines
 20753 | Orc:2    | Reached skill level 15 in Armour
 21066 | Orc:1    | Paralysed by an orc sorcerer for 4 turns
 21172 | Orc:1    | Noticed Harold
 21186 | Orc:1    | Killed Harold
 21368 | Orc:1    | Noticed Maurice
 21377 | Orc:1    | Killed Maurice
 21430 | Orc:1    | Found Tiezxuir's Book Shoppe.
 21449 | Orc:1    | Noticed Erica
 21456 | Orc:1    | Killed Erica
 21772 | Orc:2    | Received a gift from Trog
 21850 | Orc:2    | Reached XP level 15. HP: 129/141 MP: 14/14
 22103 | Orc:2    | Found Tumaer's General Store.
 22128 | Orc:2    | Found Jymimow's Jewellery Shoppe.
 22470 | Orc:2    | Found a staircase to the Elven Halls.
 22566 | Orc:2    | Identified the +2 short sword of Bequeathed Tenacity
                  | {antimagic, Drain rF- Str+9 Dex+6}
 22644 | Orc:2    | Received a gift from Trog
 22719 | Orc:2    | Found Hapn's Antique Weapon Emporium.
 22890 | Orc:2    | Found Has His's Antique Weapon Boutique.
 23806 | D:13     | Found a gate to the Vaults.
 23814 | D:12     | Received a gift from Trog
 25092 | D:14     | Noticed Nessos
 25095 | D:14     | Killed Nessos
 25142 | D:14     | Found a white marble altar of Elyvilon.
 25341 | D:14     | Reached skill level 15 in Dodging
 25397 | D:14     | Received a gift from Trog
 25408 | D:14     | Reached skill level 10 in Evocations
 25561 | D:15     | Entered Level 15 of the Dungeon
 25953 | D:15     | Reached XP level 16. HP: 117/152 MP: 15/15
 26423 | D:15     | Found an opulent altar of Gozag.
 26658 | D:15     | Reached skill level 15 in Axes
 27265 | D:15     | Found a staircase to the Depths.
 27712 | Snake:1  | Entered Level 1 of the Snake Pit
 28386 | Snake:1  | Noticed Aizul
 28402 | Snake:1  | Killed Aizul
 29077 | Snake:2  | Found Tuarr's Antique Armour Boutique.
 29330 | Snake:2  | Noticed Vashnia
 29517 | Snake:2  | Killed Vashnia
 29807 | Snake:2  | Found Ecutanud's Jewellery Boutique.
 29807 | Snake:2  | Found Musytan's Book Emporium.
 29808 | Snake:2  | Found Uceagh's Jewellery Boutique.
 29814 | Snake:2  | Bought the amulet of Jealousy {RegenMP rElec rC+ Regen+}
                  | for 867 gold pieces
 30419 | Snake:3  | Received a gift from Trog
 30465 | Snake:3  | Noticed Louise
 30478 | Snake:3  | Killed Louise
 30815 | Snake:3  | Reached XP level 17. HP: 105/163 MP: 6/16
 31050 | Snake:3  | HP: 2/163 [lava snake/glob of lava (21)]
 31050 | Snake:3  | Shot with an arrow by a salamander

Illustrated notes

Levels and vault maps discovered:
D:1:      tarquinn_simple_flora_water_e, layout_loops_corners
D:2:      layout_basic, uniq_natasha, uniq_sigmund
D:3:      layout_basic, lemuel_tele_altar, gammafunk_temple_overflow_statue,
          uniq_robin
D:4:      layout_gridville, abandoned_shop, uniq_ijyb, uniq_pikel
D:5:      layout_cave_pods, nicolae_qazlal_general_emergency,
          portal_sewer_entry_a, uniq_blork_the_orc
D:6:      layout_gridville, minmay_temple_entry_ruins, uniq_grinder
D:7:      layout_cave_pools, nemelex_xobeh_ov_fountains_minmay,
          marbit_many_paths, gammafunk_temple_overflow_elements, corner_web_ring
D:8:      kennysheep_blocky_hall, layout_basic, david_lair_shrubbed
D:9:      layout_grid_maze, chequers_temple_overflow_statue_of_worship,
          gammafunk_ghost_nasty_kobolds, serial_shops, nicolae_stop_n_shop_2
D:10:     minmay_thinvault, layout_loops_corners, general_overflow_altar,
          uniq_joseph
D:11:     layout_roguey [special_room_kobold], nicolae_trove_entry_free_sample,
          trog_butcher_becter
D:12:     layout_cave_pools, david_orc_3, serial_shops, shop,
          roderic_serpentine_path
D:13:     layout_loops_ring, david_vaults_3
D:14:     layout_rooms, elyvilon_altar_5, uniq_nessos
D:15:     grunt_enter_depths_hoard, layout_layer_cave,
          nicolae_gozag_seed_capital
Lair:1:   layout_loops_ring, serial_forest, infiniplex_forest_clump_small,
          infiniplex_forest_lined_3_way, infiniplex_forest_end_1,
          infiniplex_forest_3_way, infiniplex_forest_lined_room_2,
          infiniplex_forest_join, infiniplex_forest_lined_ring,
          infiniplex_forest_corner_1, uniq_gastronok
Lair:2:   layout_loops_ring, gauntlet_entry_generic, serial_bayou_shore_b,
          infiniplex_staircase_pool, lemuel_fruit_tree, uniq_fannar
Lair:3:   layout_small_grid, skrybe_swamp_entry_bodies,
          minmay_snake_entry_guardpost_small, special_room
          [special_room_mythical_zoo], gammafunk_ghost_necromancy, uniq_amaemon
Lair:4:   layout_small_grid, dreamdust_wasp_nest, serial_bayou_shore_b
Lair:5:   hellmonk_lair_end_abyssal_woods, layout_misc_corridors,
          nicolae_slime_entry_slimehenge, chequers_serial_rivers_micro_b,
          kennysheep_basilisk_garden, grunt_megastairs_1
Snake:1:  layout_honeycomb, uniq_aizul
Snake:2:  layout_misc_corridors, serial_shops, shop, nicolae_triple_integral,
          minmay_shop_grove, uniq_vashnia
Snake:3:  layout_basic, nicolae_snake_gridmaze_swirls, uniq_louise
Orc:1:    layout_caves, serial_shops, nicolae_lakefront_shop, uniq_erica,
          uniq_maurice, uniq_harold
Orc:2:    pubby_orc_utopia, serial_shops

Skill      XL: |  1  2  3  4  5  6  7  8  9 10 11 12 13 14 15 16 |
---------------+-------------------------------------------------+-----
Fighting       | 4 5 6 8 9 10 12 13 14 15 16 17 | 17.7
Polearms       | 4 5 6 7 |  7.5
Armour         | 3 4 5 6 7 9 10 11 13 14 15 16 17 | 17.5
Dodging        | 3 5 6 8 9 10 12 13 14 15 16 | 16.2
Axes           | 1 5 7 9 10 12 13 14 16 | 16.1
Evocations     | 3 5 7 8 10 11 | 11.2

Action                   |  1- 3 |  4- 6 |  7- 9 | 10-12 | 13-15 | 16-18 || total
-------------------------+-------+-------+-------+-------+-------+-------++-------
Melee: Spear             |    82 |       |       |       |       |       ||    82
       Headbutt          |     9 |    14 |    42 |    80 |   225 |    93 ||   463
       Punch             |     1 |       |     3 |     5 |     8 |     3 ||    20
       Halberd           |       |   100 |   174 |       |     4 |       ||   278
       War axe           |       |       |   105 |   450 |   765 |   250 ||  1570
       Executioner's axe |       |       |       |       |   167 |   128 ||   295
Invok: Berserk           |     1 |     1 |       |       |     3 |       ||     5
       Trog's Hand       |       |       |       |     1 |     2 |     2 ||     5
       Brothers in Arms  |       |       |       |     1 |       |       ||     1
Evoke: Wand              |       |       |       |     6 |     4 |       ||    10
  Use: Scroll            |       |       |       |    27 |     7 |     3 ||    37
 Stab: Sleeping          |     2 |     1 |       |       |       |       ||     3
       Distracted        |       |       |       |       |     1 |       ||     1
Armor: Animal skin       |     5 |     3 |       |       |       |       ||     8
       Ring mail         |       |    25 |    37 |       |       |       ||    62
       Plate armour      |       |       |    57 |   318 |   591 |   246 ||  1212
Dodge: Dodged            |    36 |    62 |   156 |   275 |   700 |   244 ||  1473
Block: Other             |       |       |       |    29 |    97 |       ||   126

Table legend: (Time is in decaauts)
 A = Elapsed time spent in this place.
 B = Non-inter-level travel time spent in this place.
 C = Inter-level travel time spent in this place.
 D = Time resting spent in this place.
 E = Time spent auto-exploring this place.
 F = Levels seen in this place.
 G = Mean time per level.
                   A        B        C        D        E       F      G
               +--------+--------+--------+--------+--------+-----+--------+
         Total |  31174 |  29317 |   1857 |   5377 |  18638 |  27 | 1154.6 |
       Dungeon |  17321 |  15968 |   1353 |   3042 |  10505 |  15 | 1154.7 |
          Lair |   6360 |   5981 |    379 |    617 |   4267 |   5 | 1272.0 |
     Snake Pit |   3166 |   3092 |     74 |    466 |   1970 |   3 | 1055.3 |
  Orcish Mines |   2493 |   2443 |     50 |    443 |   1452 |   2 | 1246.5 |
         Sewer |    480 |    480 |      0 |      0 |    238 |   1 |  480.0 |
      Gauntlet |   1351 |   1351 |      0 |    808 |    206 |   1 | 1351.0 |
               +--------+--------+--------+--------+--------+-----+--------+

Top non-repeatable levels by time:
    D:15: 1772 daAuts
     D:8: 1760 daAuts
   Orc:2: 1714 daAuts
  Lair:3: 1662 daAuts
  Lair:5: 1659 daAuts
    D:12: 1581 daAuts
    D:11: 1490 daAuts
    D:10: 1397 daAuts
     D:6: 1371 daAuts
Gauntlet: 1351 daAuts
  Lair:4: 1232 daAuts
 Snake:1: 1208 daAuts
 Snake:2: 1146 daAuts
     D:5: 1048 daAuts
     D:2: 1048 daAuts
